 Dungeon Crawl Stone Soup version bcrawl-1.38.1 (webtiles) character file.

Game seed: 17359793570866770771

127091 Alturiack the Chucker (level 3, 0/27 HPs)
             Began as a Merfolk Hunter on Apr 9, 2023.
             Succumbed to a worker ant's poison
             ... on level 2 of the Dungeon.
             The game lasted 00:04:24 (1062 turns).

Alturiack the Chucker (Merfolk Hunter)              Turns: 1062, Time: 00:04:25

Health: 0/27       AC: 11    Str: 12    XL:     3   Next: 56%
Magic:  3/3        EV:  6    Int: 10    God:
Gold:   100        SH:  0    Dex: 16    Spells: 2/2 levels left

rFire    + . .     GDR:     28% a - +0 short sword
rCold    . . .     SeeInvis .   (no shield)
rNeg     . . .     Gourm    .   s - +2 chain mail {rF+}
rPois    .         Faith    .   (no helmet)
rElec    .         Spirit   .   g - +0 cloak
rCorr    .         Reflect  .   (no gloves)
MR       .....                  (no boots)
Stlth    ..........             (no amulet)
HPRegen  0.14/turn              (no ring)
MPRegen  0.08/turn              (no ring)

@: lethally poisoned (0 -> -4)
A: change form in water, swift swim, stealthy swim
a: no special abilities


You were on level 2 of the Dungeon.
You were hungry.

You visited 1 branch of the dungeon, and saw 2 of its levels.

You collected 100 gold pieces.

Inventory:

Hand Weapons
 a - a +0 short sword (weapon)
Missiles
 c - 161 javelins (quivered)
 d - 2 throwing nets {=f}
Armour
 b - a +0 leather armour
 g - a +0 cloak (worn)
 r - a +0 pair of gloves
 s - a +2 chain mail of fire resistance (worn)
Scrolls
 h - 2 scrolls of enchant weapon {unknown}
 i - a scroll of identify
 l - a scroll of immolation {unknown}
 n - a scroll of noise {unknown}
 o - a scroll of teleportation {unknown}
 t - a scroll of remove curse {unknown}
 u - a scroll of enchant armour {unknown}
Potions
 f - a potion of might {unknown}
 j - a potion of agility {unknown}
 k - 2 potions of curing {unknown}
 m - 2 potions of heal wounds {unknown}
 p - a potion of magic {unknown}
 q - a potion of mutation {unknown}
 v - 2 potions of haste {unknown}
Comestibles
 e - 4 rations {!d}


   Skills:
 - Level 2.1 Fighting
 * Level 2.0 Short Blades
 * Level 4.4 Throwing
 * Level 3.6 Dodging
 - Level 1.2 Stealth


You had 2 spell levels left.
You didn't know any spells.
Your spell library was empty.

Dungeon Overview and Level Annotations

Branches:
Dungeon (2/12)

Altars:
Vehumet

Annotations:
D:2 1 transporter


Message History

The worker ant bites you.
* * * LOW HITPOINT WARNING * * *
Throwing (i - inventory. (/) - cycle)
c - 163 javelins (quivered)
Press: ? - help, Shift-Dir - straight line, f/p - worker ant
Aim: a worker ant (severely wounded)
You throw a javelin.
The javelin hits the worker ant but does no damage.
The worker ant is severely wounded.
The worker ant bites you.
* * * LOW HITPOINT WARNING * * *
You are lethally poisoned!
The worker ant poisons you!
The worker ant bites you but does no damage.
Throwing (i - inventory. (/) - cycle)
c - 162 javelins (quivered)
Press: ? - help, Shift-Dir - straight line, f/p - worker ant
Aim: a worker ant (severely wounded)
You throw a javelin.
The javelin hits the worker ant but does no damage.
The worker ant is severely wounded.
You die...

### ..# #.# ##.# ..#
##### ##.#
####...#######†.##
.....#..........@#
.###....#####.#..a#
.##..#..........#...#
.##.....##########..#
.#....#.# #...
......#.# .#.#
........# ..#.
.......># ..#©
........#


You could see a worker ant.

Vanquished Creatures
  Terence (D:2)
  A leopard gecko (D:2)
  A goblin (D:1)
  3 hobgoblins
  2 jackals (D:2)
  2 bats
  A frilled lizard (D:1)
  2 kobolds
  4 rats
17 creatures vanquished.

Notes
Turn   | Place    | Note
-------+----------+-------------------------------------------
     0 | D:1      | Alturiack the Merfolk Hunter began the quest for the Orb.
     0 | D:1      | Reached XP level 1. HP: 16/16 MP: 1/1
   303 | D:1      | Reached XP level 2. HP: 22/22 MP: 2/2
   329 | D:1      | Reached skill level 1 in Short Blades
   758 | D:2      | Noticed Terence
   787 | D:2      | Found a radiant altar of Vehumet.
   801 | D:2      | Killed Terence
   802 | D:2      | Reached XP level 3. HP: 3/27 MP: 3/3
  1055 | D:2      | Found a transporter.
  1061 | D:2      | HP: 1/27 [worker ant (3)]
  1062 | D:2      | Succumbed to a worker ant's poison

Skill      XL: |  1  2  3 |
---------------+----------+-----
Dodging        | 3 |  3.6
Short Blades   | 1 2 |  2.0
Fighting       | |  2.1
Throwing       | |  4.4
Stealth        | |  1.2

Action                   || total
-------------------------++-------
Melee: Short sword       ||    48
Throw: Javelin           ||    19
 Stab: Sleeping          ||     1
  Eat: Chunk             ||     1
Armor: Leather armour    ||    10
       Chain mail        ||    15
Dodge: Dodged            ||    27
